 Dungeon Crawl Stone Soup version 0.25-a0-591-g2ad0d86 (webtiles) character file.

Game seed: 15670003596980422135, levelgen mode: deterministic

6 araganzar the Caller (level 1, 0/17 HPs)
             Began as a Minotaur Summoner on Mar 13, 2020.
             Slain by a leopard gecko (2 damage)
             ... on level 1 of the Dungeon.
             The game lasted 00:00:27 (150 turns).

araganzar the Caller (Minotaur Summoner)             Turns: 150, Time: 00:00:27

Health: 0/17       AC:  5    Str: 12    XL:     1   Next: 75%
Magic:  1/1        EV: 10    Int: 12    God:
Gold:   52         SH:  0    Dex: 10    Spells: 1/2 levels left

rFire    . . .     SeeInvis .   (no weapon)
rCold    . . .     Gourm    .   (no shield)
rNeg     . . .     Faith    .   e - +0 ring mail
rPois    .         Spirit   .   (helmet restricted)
rElec    .         Reflect  .   (no cloak)
rCorr    .         Harm     .   (no gloves)
MR       .....                  (no boots)
Stlth    +.........             (no amulet)
HPRegen  0.05/turn              (no ring)
MPRegen  0.07/turn              (no ring)

@: no status effects
A: retaliatory headbutt, horns 2
a: no special abilities


You were on level 1 of the Dungeon.
You were not hungry.

You visited 1 branch of the dungeon, and saw 1 of its levels.

You collected 52 gold pieces.


Innate Abilities, Weirdness & Mutations

You reflexively headbutt those who attack you in melee.
You have a pair of horns on your head.


   Skills:
 + Level 1.7 Fighting
 - Level 2.1 Dodging
 - Level 1.5 Stealth
 - Level 1.3 Spellcasting
 - Level 2.9 Summonings


You had one spell level left.
You knew the following spells:

 Your Spells              Type           Power        Failure   Level  Hunger
a - Summon Small Mammal   Summ           #...         21%         1    ##.....

Your spell library contained the following spells:

 Spells                   Type           Power        Failure   Level  Hunger
 Call Imp                 Summ           #.......     30%         2    ###....
 Call Canine Familiar     Summ           #.......     52%         3    ####...
 Summon Guardian Golem    Hex/Summ       #.......     71%         3    ####...
 Summon Ice Beast         Ice/Summ       #.......     98%         4    #####..
 Summon Lightning Spire   Summ/Air       #.......     98%         4    #####..

Inventory:

Armour
 a - a +0 robe
 e - a +0 ring mail (worn)
   (You found it on level 1 of the Dungeon)
Scrolls
 b - a scroll of remove curse {unknown}
Potions
 d - a potion of heal wounds {unknown}
 f - a potion of stabbing {unknown}
Comestibles
 c - a ration

... $. ...........# . ..
.. ...........# ..#..#.
.........[[# ...#.#.#
...........# ..#.#.
....r...?..# .. #.#..
.........#... ....#...
#.........# #...< # #.#@#
.. ....#... .. #.#l##
......##.#.. ... #.#K.#
....##..#.#. .... #.##.#
....#...#.#.#
.....##.##.##.......#..#.#
............#......#..#..#
......†((#..#.....#...#..#
.........##.#.#......#...#
.).......##...#.#........#


You could see a leopard gecko, a kobold and a rat.


Message History

You take 2 damage, and have 4/16 hp.
The bat hits you but does no damage.
Unknown command.
You hit the bat but do no damage. The bat closely misses you.
The bat hits you but does no damage.
You hit the bat. The bat hits you but does no damage.
Unknown command.
You hit the bat. The bat hits you.
* * * LOW HITPOINT WARNING * * *
The leopard gecko barely misses you.
You take 1 damage, and have 3/16 hp.
Unknown command.
A rat comes into view.
The bat barely misses you. The bat misses you.
The rat twitches its whiskers.
Found a scroll labeled ADUIMU NOCWOUBEG, a robe and a leather armour.
Unknown command.
The bat barely misses you. You furiously retaliate!
You headbutt the bat.
You kill the bat!
Unknown command.
Unknown command.
Unknown command.
You hit the leopard gecko.
The leopard gecko bites you but does no damage.
The leopard gecko bites you.
* * * LOW HITPOINT WARNING * * *
You take 1 damage, and have 2/17 hp.
You closely miss the leopard gecko. Your headbutt misses the leopard gecko.
The leopard gecko bites you.
You die...

Action                   || total
-------------------------++-------
Melee: Unarmed           ||    30
Armor: Ring mail         ||    24
Dodge: Dodged            ||    28

Levels and vault maps discovered:
D:1:      minmay_arrival_radiant_lines, layout_basic, serial_forest,
          infiniplex_forest_lined_room_3, infiniplex_forest_clump_cross,
          infiniplex_forest_lined_room_, infiniplex_forest_end_2,
          infiniplex_forest_clump_large, infiniplex_forest_clump_C,
          minmay_quantized

Notes
Turn   | Place    | Note
-------+----------+-------------------------------------------
     0 | D:1      | araganzar the Minotaur Summoner began the quest for the
                  | Orb.
     0 | D:1      | Reached XP level 1. HP: 14/14 MP: 1/1
   131 | D:1      | Reached skill level 1 in Fighting
   150 | D:1      | Slain by a leopard gecko

Vanquished Creatures
  2 bats (D:1)
  A goblin (D:1)
  A hobgoblin (D:1)
  A rat (D:1)
5 creatures vanquished.
